 Dungeon Crawl Stone Soup version 0.32-a0-12-g7fc57aa741 (webtiles) character file.

Game seed: 12336450272587435063

843 LeprechaunX the Changeling (level 8, -16/52 HPs)
             Began as an Octopode Shapeshifter on Jan 15, 2024.
             Demolished by an orc warrior
             ... wielding a +0 war axe
              (18 damage)
             ... on level 5 of the Dungeon.
             The game lasted 00:05:27 (4304 turns).

LeprechaunX the Changeling (Octopode Shapeshifter)  Turns: 4304, Time: 00:05:27

Health: -16/52     AC:  1    Str: 19    XL:     8   Next: 0%
Magic:  11/11      EV: 14    Int: 13    God:
Gold:   50         SH:  0    Dex: 19    Spells: 9/11 levels left

rFire   . .          .
                       - Unarmed
rCold   . . .        (no shield)
rNeg    . . .        (helmet currently unavailable)
rPois   .            (no amulet)
rElec   .            r - +6 ring of dexterity
rCorr   .            e - +6 ring of strength
SInv    .            x - ring of willpower
Will    +....        (no ring)
Stlth   +++          (no ring)
HPRegen 0.28/turn    (no ring)
MPRegen 0.12/turn    (no ring)
                     (no ring)

%: no passive effects
@: beast-form
A: beast (slay +3), almost no armour, amphibious, 8 rings, camouflage 1,
gelatinous body 1, (nimble swimmer 1), tentacles
a: Begin Untransformation


You were on level 5 of the Dungeon.
You were a hulking beast.
You visited 1 branch of the dungeon, and saw 6 of its levels.

You collected 240 gold pieces.
You spent 190 gold pieces at shops.

Inventory:

Hand Weapons
 v - a +5 antimagic flail
Jewellery
 e - a +6 ring of strength (right tentacle)
 r - a +6 ring of dexterity (left tentacle)
 x - a ring of willpower (on tentacle)
Talismans
 b - a beast talisman
 c - a flux talisman
Wands
 s - a wand of charming (7)
Scrolls
 d - a scroll of blinking {unknown}
 g - 2 scrolls of teleportation {unknown}
 k - a scroll of fog {unknown}
 m - a scroll of enchant weapon {unknown}
 p - 2 scrolls of noise
 u - a scroll of amnesia {unknown}
Potions
 a - a potion of lignification
 f - 2 potions of haste
 h - 5 potions of mutation
 i - 2 potions of attraction
 j - a potion of brilliance {unknown}
 l - a potion of might {unknown}
 n - 2 potions of curing {unknown}
 o - a potion of enlightenment {unknown}
 q - a potion of heal wounds
 t - a potion of ambrosia {unknown}
 w - 2 potions of magic {unknown}


   Skills:
 + Level 3.5 Fighting
 - Level 3.0 Dodging
 + Level 4.6 Unarmed Combat
 + Level 2.1 Spellcasting
 + Level 2.3 Translocations
 + Level 1.7 Evocations
 * Level 5.4 Shapeshifting


You had 9 spell levels left.
You knew the following spells:

 Your Spells              Type           Power      Damage    Failure   Level
a - Blink                 Tloc           14%        N/A       14%         2

Your spell library contained the following spells:

 Spells                   Type           Power      Damage    Failure   Level
 Lesser Beckoning         Tloc           14%        N/A       14%         2
 Momentum Strike          Conj/Tloc      8%         3d8       24%         2
 Summon Ice Beast         Ice/Summ       1%         N/A       58%         3
 Summon Mana Viper        Hex/Summ       1%         N/A       100%        5
 Monstrous Menagerie      Summ           0%         N/A       100%        7


Dungeon Overview and Level Annotations

Branches:
Dungeon (6/15)
 Temple: D:4-7

Altars:

Shops:
D:1 (   D:4 *


Innate Abilities, Weirdness & Mutations

You are a hulking beast.
Your limbs bulge with bestial killing power. (Slay +3)
You cannot wear most types of armour.
You are amphibious.
You can wear up to eight rings at the same time.
Your skin changes colour to match your surroundings (Stealth+).
Your rubbery body absorbs attacks. (AC +1, EV +1)
((You are camouflaged when in or above water. (Stealth+)))
You have tentacles for arms and can constrict up to eight enemies at once.


Message History

There is a stone staircase leading down here.
You tentacle-slap the orc warrior. Your grab misses the orc warrior.
The orc warrior is lightly wounded.
The orc warrior hits you with a +0 war axe!
You tentacle-slap the orc warrior but do no damage.
You grab the orc warrior. You squeeze the orc warrior!
The orc warrior is heavily wounded.
You constrict the orc warrior, but do no damage.
The orc warrior closely misses you.
You tentacle-slap the orc warrior but do no damage.
You squeeze the orc warrior.
The orc warrior is severely wounded.
You constrict the orc warrior, but do no damage.
The orc warrior hits you with a +0 war axe!
You tentacle-slap the orc warrior but do no damage.
The orc warrior is severely wounded.
You constrict the orc warrior, but do no damage.
The orc warrior hits you with a +0 war axe!
* * * LOW HITPOINT WARNING * * *
You tentacle-slap the orc warrior.
The orc warrior is severely wounded.
You constrict the orc warrior. The orc warrior barely misses you.
You tentacle-slap the orc warrior but do no damage.
The orc warrior is almost dead.
You constrict the orc warrior, but do no damage.
The orc warrior misses you.
You tentacle-slap the orc warrior but do no damage.
Your squeeze misses the orc warrior.
The orc warrior is almost dead.
You constrict the orc warrior, but do no damage.
You tentacle-slap the orc warrior but do no damage.
The orc warrior is almost dead.
You constrict the orc warrior.
The orc warrior hits you with a +0 war axe!
* * * LOW HITPOINT WARNING * * *
You tentacle-slap the orc warrior but do no damage.
The orc warrior is almost dead.
You constrict the orc warrior.
The orc warrior hits you with a +0 war axe!!
You die...

######## ###
#......# ..#
#.###.## ..# #.#
#.# ..# ######.#
#.# ..# #......#
#.# ..# #.....h#
#.# ..# #.....o#
#.#
###########......#
#.#
..........'......#
#.#
###########......#
#.#
.................#
#.#
###########......#
#.#
..[.......##.....#
#.#
#########.##.....#
#.#


You could see an orc warrior.

Vanquished Creatures
  Edmund (D:5)
  An ice beast (D:5)
  A phantom (D:4)
  Blork the orc (D:4)
  3 scorpions
  2 jellies
  Ijyb (D:4)
  A sleepcap (D:4)
  An orc wizard (D:4)
  5 adders
  7 gnolls (D:2)
  2 ribbon worms
  4 orcs
  6 ball pythons
  5 bats
  7 endoplasms
  A giant cockroach (D:1)
  4 goblins
  6 hobgoblins
  5 quokkas
  7 frilled lizards
  8 kobolds
  6 rats
85 creatures vanquished.

Notes
Turn   | Place    | Note
-------+----------+-------------------------------------------
     0 | D:1      | LeprechaunX the Octopode Shapeshifter began the quest for
                  | the Orb.
     0 | D:1      | Reached XP level 1. HP: 13/13 MP: 1/1
    82 | D:1      | Found Xaadghaytt's Weapon Shoppe.
   151 | D:1      | Reached XP level 2. HP: 18/18 MP: 2/2
   627 | D:2      | Reached XP level 3. HP: 23/23 MP: 3/3
   718 | D:2      | Reached XP level 4. HP: 7/29 MP: 4/4
   880 | D:2      | Reached skill level 4 in Shapeshifting
  1104 | D:2      | Reached XP level 5. HP: 34/34 MP: 5/5
  1250 | D:2      | Learned a level 2 spell: Blink
  2361 | D:4      | Noticed Blork the orc
  2372 | D:4      | Killed Blork the orc
  2373 | D:4      | Reached skill level 1 in Translocations
  2373 | D:4      | Reached XP level 6. HP: 6/41 MP: 5/7
  2562 | D:4      | Reached skill level 1 in Spellcasting
  2823 | D:4      | Noticed Ijyb
  2832 | D:4      | Killed Ijyb
  3155 | D:4      | Found Koinaff's CLEARANCE SALE!.
  3163 | D:4      | Reached XP level 7. HP: 12/45 MP: 9/9
  3288 | D:4      | Bought a scroll of identify for 10 gold pieces
  3672 | D:4      | Bought a +6 ring of strength for 180 gold pieces
  3728 | D:5      | Entered Level 5 of the Dungeon
  3779 | D:5      | Noticed Edmund
  3790 | D:5      | Killed Edmund
  3791 | D:5      | Reached skill level 1 in Evocations
  3791 | D:5      | Reached skill level 5 in Shapeshifting
  4209 | D:6      | Reached XP level 8. HP: 37/52 MP: 11/11
  4303 | D:5      | HP: 2/52 [orc warrior/+0 war axe (9)]
  4304 | D:5      | Demolished by an orc warrior

Illustrated notes

Levels and vault maps discovered:
D:1:      wheals_arrival_shading, layout_basic, serial_shops, shop
D:2:      layout_basic, minmay_box_of_dots
D:3:      layout_loops_ring, serial_bayou, serial_bayou_shore_b,
          serial_bayou_pond_c, serial_bayou_shore_b, serial_bayou_pond_d
D:4:      layout_loops_corners, nicolae_shop_clearance, uniq_ijyb,
          uniq_blork_the_orc
D:5:      kennysheep_spiral_hall, layout_basic, chequers_decorated_corner,
          uniq_edmund, uniq_sigmund
D:6:      layout_gridville, minmay_temple_entry_overgrown,
          nicolae_grassy_gnolls, uniq_maggie, uniq_menkaure

Skill      XL: |  1  2  3  4  5  6  7 |
---------------+----------------------+-----
Fighting       | 2 3 |  3.5
Shapeshifting  | 4 5 |  5.4
Dodging        | 3 |  3.0
Translocations | 1 2 |  2.3
Unarmed Combat | 4 |  4.6
Spellcasting   | 1 2 |  2.1
Evocations     | 1 |  1.7

Action                     |  1- 3 |  4- 6 |  7- 9 || total
---------------------------+-------+-------+-------++-------
  Melee: Unarmed           |    58 |   106 |    43 ||   207
         Constrict         |    11 |    21 |     7 ||    39
         Tentacles         |     9 |    23 |    11 ||    43
         Punch             |     1 |     6 |     2 ||     9
    Use: Scroll            |       |       |     5 ||     5
   Stab: Sleeping          |     6 |    11 |       ||    17
 Armour: Skin              |    22 |    33 |    13 ||    68
  Dodge: Dodged            |    32 |    47 |    20 ||    99

Table legend: (Time is in decaauts)
 A = Elapsed time spent in this place.
 B = Non-inter-level travel time spent in this place.
 C = Inter-level travel time spent in this place.
 D = Time resting spent in this place.
 E = Time spent auto-exploring this place.
 F = Levels seen in this place.
 G = Mean time per level.
                   A        B        C        D        E       F      G
               +--------+--------+--------+--------+--------+-----+--------+
         Total |   4286 |   4081 |    205 |    174 |   3295 |   6 |  714.3 |
       Dungeon |   4286 |   4081 |    205 |    174 |   3295 |   6 |  714.3 |
               +--------+--------+--------+--------+--------+-----+--------+

Top non-repeatable levels by time:
     D:4: 1407 daAuts
     D:2: 1010 daAuts
     D:3: 757 daAuts
     D:1: 537 daAuts
     D:5: 478 daAuts
     D:6: 94 daAuts
